 Dungeon Crawl Stone Soup version 0.22.0-38-g04b72b8 (webtiles) character file.

30 Marcoleric the Grave Robber (level 3, 0/23 HPs)
             Began as a Hill Orc Necromancer on Aug 29, 2018.
             Killed from afar by an orc wizard (9 damage)
             ... with a puff of frost
             ... on level 3 of the Dungeon.
             The game lasted 00:06:19 (1492 turns).

Marcoleric the Grave Robber (Hill Orc Necromancer)  Turns: 1492, Time: 00:06:20

Health: 0/23       AC:  6    Str: 10    XL:     3   Next: 20%
Magic:  1/4        EV: 12    Int: 16    God:
Gold:   64         SH:  0    Dex: 11    Spells: 3/5 levels left

rFire    . . .     SeeInvis .   b - +0 whip
rCold    . . .     Gourm    .   (no shield)
rNeg     . . .     Faith    .   a - +0 robe
rPois    .         Spirit   .   (no helmet)
rElec    .         Reflect  .   d - +0 cloak
rCorr    .         Harm     .   (no gloves)
MR       .....                  f - +0 pair of boots
Stlth    ++........             (no amulet)
HPRegen  0.07/turn              (no ring)
MPRegen  0.09/turn              (no ring)

@: no status effects
A: iridescent scales 1, frail 1, low mp 1
a: Convert to Beogh


You were on level 3 of the Dungeon.
You were hungry.

You visited 1 branch of the dungeon, and saw 3 of its levels.

You collected 64 gold pieces.

Inventory:

Hand Weapons
 b - a +0 whip (weapon)
Armour
 a - a +0 robe (worn)
 d - a +0 cloak (worn)
 f - a +0 pair of boots (worn)
Jewellery
 e - a cursed ring of attention {unknown}
Comestibles
 c - 2 rations


   Skills:
 + Level 0.1 Maces & Flails
 + Level 1.6 Dodging
 + Level 1.7 Stealth
 + Level 1.6 Spellcasting
 * Level 4.7 Necromancy


You had 3 spell levels left.
You knew the following spells:

 Your Spells              Type           Power        Failure   Level  Hunger
a - Pain                  Necr           ###.         3%          1    ##.....
b - Animate Skeleton      Necr           N/A          3%          1    ##.....

Your spell library contained the following spells:

 Spells                   Type           Power        Failure   Level  Hunger
 Vampiric Draining        Necr           ###.......   9%          3    ####...
 Regeneration             Chrm/Necr      #.........   24%         3    ####...
 Animate Dead             Necr           N/A          30%         4    #####..


Dungeon Overview and Level Annotations

Branches:
Dungeon (3/15)

Altars:


Innate Abilities, Weirdness & Mutations

You are partially covered in iridescent scales. (AC +2)
You are frail. (-10% HP)
Your magical capacity is low. (-10% MP)


Message History

Found a stone staircase leading down.
Found a leather armour.
There is a stone staircase leading down here.
The kobold hits you but does no damage.
You climb downwards.
An orc wizard comes into view. It is wielding a dagger.
Found a stone staircase leading down.
There is a stone staircase leading up here.
You closely miss the kobold. The kobold closely misses you.
You closely miss the kobold. The kobold closely misses you.
The orc wizard shouts!
You hit the kobold.
The kobold is moderately wounded.
The kobold hits you with a short sword.
You barely miss the kobold.
The kobold is moderately wounded.
An orc priest comes into view. It is wielding a dagger.
The orc wizard gestures at you while chanting.
The puff of frost hits you!
You die...

.... # o#
..# . .# .
# o# .# .#
.#
########.#
.......@K#
####.##.##
#.# #.#
..> .#. .
. ## ##


You could see an orc priest, an orc wizard and a kobold.

Vanquished Creatures
  An adder (D:2)
  A dart slug (D:1)
  A leopard gecko (D:1)
  3 bats (D:1)
  2 giant cockroaches
  3 goblins
  A hobgoblin (D:3)
  3 kobolds (D:1)
  3 rats (D:1)
18 creatures vanquished.

Vanquished Creatures (collateral kills)
  A rat (D:3)
1 creature vanquished.

Grand Total: 19 creatures vanquished

Notes
Turn   | Place    | Note
-------+----------+-------------------------------------------
     0 | D:1      | Marcoleric the Hill Orc Necromancer began the quest for the Orb.
     0 | D:1      | Reached XP level 1. HP: 14/14 MP: 3/3
    32 | D:1      | Learned a level 1 spell: Animate Skeleton
   179 | D:1      | Reached XP level 2. HP: 13/20 MP: 1/4
   818 | D:2      | Reached XP level 3. HP: 16/26 MP: 0/5
   835 | D:2      | HP: 1/26 [goblin/stone (4)]
  1201 | D:3      | Gained mutation: Your magical capacity is low. (-10% MP) [potion of mutation]
  1201 | D:3      | Gained mutation: You are frail. (-10% HP) [potion of mutation]
  1201 | D:3      | Gained mutation: You are partially covered in iridescent scales. (AC +2) [potion of mutation]
  1492 | D:3      | Killed from afar by an orc wizard

Action                   || total
-------------------------++-------
Melee: Unarmed           ||     7
       Whip              ||    10
 Cast: Pain              ||    36
       Animate Skeleton  ||     6
  Use: Scroll            ||     4
       Potion            ||     1
 Stab: Sleeping          ||     1
       Distracted        ||     1
  Eat: Chunk             ||     2
Armor: Robe              ||    12
Dodge: Dodged            ||    29
